 Dungeon Crawl Stone Soup version 0.27-a0-412-g8dd771e (webtiles) character file.

Game seed: 5524243242875522057

304 MrTaco21 the Cudgeller (level 6, 0/37 HPs)
             Began as a Gargoyle Fighter on Feb 23, 2021.
             Slain by Duvessa
             ... wielding a +2 falchion of protection
              (1 damage)
             ... on level 4 of the Dungeon.
             The game lasted 00:05:46 (3183 turns).

MrTaco21 the Cudgeller (Gargoyle Fighter)           Turns: 3183, Time: 00:05:46

Health: 0/37       AC: 12    Str: 21    XL:     6   Next: 38%
Magic:  6/6        EV:  7    Int:  9    God:
Gold:   152        SH:  9    Dex: 15    Spells: 5/5 levels left

rFire    . . .     SeeInvis .   v - +4 mace (holy)
rCold    + . .     Faith    +   c - +0 kite shield
rNeg     + . .     Spirit   .   b - +0 scale mail
rPois    ∞         Reflect  .   (no helmet)
rElec    +         Harm     .   l - +0 cloak
rCorr    .         Rampage  .   (no gloves)
Will     .....                  (no boots)
Stlth    ..........             h - amulet of faith {!P}
HPRegen  0.12/turn              o - ring of protection from cold
MPRegen  0.10/turn              y - +6 ring of dexterity

@: no status effects
A: negative energy resistance 1, electricity resistance, unbreathing,
petrification resistance, miasma immunity, AC +4
a: no special abilities


You were on level 4 of the Dungeon.
You visited 1 branch of the dungeon, and saw 4 of its levels.

You collected 152 gold pieces.

Inventory:

Hand Weapons
 v - a +4 mace of holy wrath (weapon)
   (You found it on level 2 of the Dungeon)
Missiles
 z - 3 poisoned darts (quivered)
Armour
 b - a +0 scale mail (worn)
 c - a +0 kite shield (worn)
 l - a +0 cloak (worn)
   (You found it on level 2 of the Dungeon)
Jewellery
 h - an amulet of faith (around neck) {!P}
   (You found it on level 1 of the Dungeon)
 o - a ring of protection from cold (left hand)
   (You found it on level 2 of the Dungeon)
 y - a +6 ring of dexterity (right hand)
   (You found it on level 3 of the Dungeon)
Wands
 d - a wand of iceblast (8)
   (You found it on level 2 of the Dungeon)
Scrolls
 a - a scroll of enchant armour {unknown}
 e - a scroll of amnesia {unknown}
 f - 11 scrolls of identify {unknown}
 g - 2 scrolls of random uselessness {unknown}
 j - a scroll of fear {unknown}
 k - 2 scrolls of teleportation {unknown}
 m - 2 scrolls of magic mapping {unknown}
 s - a scroll of enchant weapon {unknown}
 u - 2 scrolls of noise {unknown}
Potions
 i - a potion of invisibility {unknown}
 n - a potion of might
 p - a potion of attraction {unknown}
 q - a potion of mutation {unknown}
 r - a potion of lignification {unknown}
 t - 2 potions of degeneration {unknown}
 w - 2 potions of heal wounds {unknown}
 x - a potion of flight {unknown}
 A - 2 potions of haste {unknown}


   Skills:
 - Level 3.2 Fighting
 + Level 6.5 Maces & Flails
 - Level 3.2 Armour
 - Level 3.2 Shields


You had 5 spell levels left.
You didn't know any spells.
Your spell library was empty.

Dungeon Overview and Level Annotations

Branches:
Dungeon (4/15)
 Temple: D:4-7

Altars:
Dithmenos
Vehumet
Zin

Annotations:
D:4 Duvessa


Innate Abilities, Weirdness & Mutations

You are resistant to torment.
Your stone body is resilient. (AC +4)
You are immune to poison.
You resist negative energy. (rN+)
You are resistant to electric shocks. (rElec)
You can survive without breathing.
You are immune to petrification.
You are immune to miasma.


Message History

You closely miss the jackal. The jackal barely misses you.
You block the jackal's attack.
You hit the jackal. You block the jackal's attack. x2
You barely miss the jackal. You block the jackal's attack.
The jackal closely misses you.
You sock the jackal!
You kill the jackal!
The jackal bites you but does no damage.
You sock the jackal!
You kill the jackal!
No target in view!
No target in view!
No target in view!
No target in view!
No target in view!
No target in view!
No target in view!
No target in view!
No target in view!
No target in view!
No target in view!
No target in view!
No target in view!
You start resting.
Duvessa is nearby!
Duvessa goes berserk!
Things that are here:
a jackal corpse; a jackal corpse; a jackal corpse Duvessa hits you with a +2 falchion of protection.
You hit Duvessa but do no damage. Duvessa barely misses you.
Duvessa hits you with a +2 falchion of protection!
You closely miss Duvessa.
Duvessa hits you with a +2 falchion of protection.
* * * LOW HITPOINT WARNING * * *
You block Duvessa's attack.
You hit Duvessa but do no damage. You block Duvessa's attack.
Duvessa hits you with a +2 falchion of protection.
* * * LOW HITPOINT WARNING * * *
You hit Duvessa but do no damage. Duvessa hits you but does no damage.
You sock Duvessa! Duvessa hits you but does no damage.
Duvessa hits you with a +2 falchion of protection!
* * * LOW HITPOINT WARNING * * *
You closely miss Duvessa. You block Duvessa's attack.
Duvessa hits you with a +2 falchion of protection.
* * * LOW HITPOINT WARNING * * *
Duvessa rages.
Things that are here:
a jackal corpse; a jackal corpse; a jackal corpse Duvessa hits you with a +2 falchion of protection.
You die...

#.#......#
##.......#
.........#
.........#
#.......#
#......#
#.....#
#.....#####
#.#.....e@.#
..#.#.)####.#
. ..##..# #.#
.....#.# #.#
........# #.#
.......## #.#
.#.#### #.#
#. #.# # #.#


You could see Duvessa (berserk).

Vanquished Creatures
  A scorpion (D:4)
  Dowan (D:4)
  An orc wizard (D:3)
  A worker ant (D:4)
  A hound skeleton (D:4)
  2 adders
  An ufetubus (D:3)
  An ooze (D:1)
  An adder skeleton (D:4)
  2 worms
  3 dart slugs
  6 leopard geckos
  9 orcs
  A ball python (D:4)
  8 bats
  6 giant cockroaches
  5 goblins
  7 hobgoblins
  12 jackals
  4 kobolds
  2 quokkas
  3 frilled lizards
  5 rats
83 creatures vanquished.

Notes
Turn   | Place    | Note
-------+----------+-------------------------------------------
     0 | D:1      | MrTaco21 the Gargoyle Fighter began the quest for the Orb.
     0 | D:1      | Reached XP level 1. HP: 14/14 MP: 1/1
   162 | D:1      | Reached XP level 2. HP: 8/19 MP: 2/2
   198 | D:1      | Reached skill level 3 in Maces & Flails
   550 | D:1      | Reached XP level 3. HP: 22/23 MP: 3/3
  1335 | D:2      | Reached skill level 4 in Maces & Flails
  1354 | D:2      | Found a shadowy altar of Dithmenos.
  1370 | D:2      | Found a radiant altar of Vehumet.
  1466 | D:2      | Reached XP level 4. HP: 26/28 MP: 4/4
  1748 | D:2      | Found a glowing silver altar of Zin.
  1748 | D:2      | Noticed an angel
  2177 | D:3      | Reached skill level 5 in Maces & Flails
  2179 | D:3      | Reached XP level 5. HP: 21/32 MP: 5/5
  2922 | D:4      | Reached skill level 6 in Maces & Flails
  2967 | D:4      | Reached XP level 6. HP: 37/37 MP: 6/6
  3137 | D:4      | Noticed Dowan
  3137 | D:4      | Noticed Duvessa
  3147 | D:4      | Killed Dowan
  3180 | D:4      | HP: 1/37 [Duvessa/+2 falchion of protection (9)]
  3183 | D:4      | Slain by Duvessa

Illustrated notes

Levels and vault maps discovered:
D:1:      arrival_zaba_pyramid, layout_basic, kennysheep_minor_cross,
          chequers_serial_rivers_small_3
D:2:      layout_basic, vehumet_crystals, grunt_dithmenos_smoke, zin_angel
D:3:      layout_loops_ring
D:4:      layout_loops_ring, minmay_misc_feat_secret_circle, uniq_duvessa

Skill      XL: |  1  2  3  4  5 |
---------------+----------------+-----
Maces & Flails | 3 4 5 6 |  6.5
Fighting       | |  3.2
Armour         | |  3.2
Shields        | |  3.2

Action                   |  1- 3 |  4- 6 || total
-------------------------+-------+-------++-------
Melee: Flail             |   179 |    12 ||   191
       Mace              |       |   141 ||   141
Armor: Scale mail        |   167 |    66 ||   233
Dodge: Dodged            |   104 |    56 ||   160
Block: Kite shield       |   139 |    87 ||   226

Table legend: (Time is in decaauts)
 A = Elapsed time spent in this place.
 B = Non-inter-level travel time spent in this place.
 C = Inter-level travel time spent in this place.
 D = Time resting spent in this place.
 E = Time spent auto-exploring this place.
 F = Levels seen in this place.
 G = Mean time per level.
                   A        B        C        D        E       F      G
               +--------+--------+--------+--------+--------+-----+--------+
         Total |   3326 |   3269 |     57 |    432 |   2041 |   4 |  831.5 |
       Dungeon |   3326 |   3269 |     57 |    432 |   2041 |   4 |  831.5 |
               +--------+--------+--------+--------+--------+-----+--------+

Top non-repeatable levels by time:
     D:1: 1411 daAuts
     D:3: 860 daAuts
     D:2: 680 daAuts
     D:4: 373 daAuts
